 Dungeon Crawl Stone Soup version 0.29.1-12-g30fa7ad0bf (webtiles) character file.

Game seed: 14114097535354509831

851 pootfish the Covered (level 7, 0/61 HPs)
             Began as a Minotaur Fighter on Jan 10, 2023.
             Slain by a gnoll
             ... wielding a +0 spear
             ... led by a gnoll bouda
              (3 damage)
             ... on level 5 of the Dungeon.
             The game lasted 00:29:07 (2791 turns).

pootfish the Covered (Minotaur Fighter)             Turns: 2791, Time: 00:29:07

Health: 0/61       AC: 12    Str: 20    XL:     7   Next: 69%
Magic:  6/6        EV:  8    Int:  9    God:
Gold:   89         SH:  5    Dex: 15    Spells: 6/6 levels left

rFire   . . .      SeeInvis +   j - +5 mace of Poverty {vorpal, *Rage Dex+5}
rCold   + . .      Faith    .   c - +0 buckler
rNeg    . . .      Spirit   .   n - +0 chain mail
rPois   .          Reflect  .   (helmet restricted)
rElec   .          Harm     .   (no cloak)
rCorr   .          Rampage  .   A - +0 pair of gloves
Will    +....      Rage     20% x - +0 pair of boots
Stlth   ..........              (no amulet)
HPRegen 0.20/turn               I - ring of Etoufaif {rC+ Will+ Slay+4 SInv}
MPRegen 0.10/turn               (no ring)

@: on berserk cooldown, slowed, very slow
A: horns 2, retaliatory headbutt, talons 1, clever 1
a: no special abilities


You were on level 5 of the Dungeon.
You visited 1 branch of the dungeon, and saw 5 of its levels.

You collected 206 gold pieces.
You spent 117 gold pieces at shops.

Inventory:

Hand Weapons
 a - a +0 war axe
 j - the +5 mace of Poverty (weapon) {vorpal, *Rage Dex+5}
   (You found it on level 2 of the Dungeon)

   It inflicts extra damage upon your enemies.
   Dex:       It affects your dexterity (+5).
   *Rage:     It berserks you when you make melee attacks (+20% chance).
 m - a +0 sling
 o - a +0 whip of electrocution
 q - a +0 trident
 B - a +0 mace
 E - a +0 long sword
 H - a +0 halberd
 M - a +0 shortbow
Missiles
 i - 32 stones (quivered)
 G - 2 boomerangs
Armour
 b - a +0 scale mail
 c - a +0 buckler (worn)
 h - a +0 ring mail
 n - a +0 chain mail (worn)
 x - a +0 pair of boots (worn)
 A - a +0 pair of gloves (worn)
 C - a +0 helmet
Jewellery
 I - the ring of Etoufaif (left hand) {rC+ Will+ Slay+4 SInv}
   (You found it on level 4 of the Dungeon)

   [ring of slaying]

   Slay:      It affects your accuracy & damage with ranged weapons and melee
   (+4).
   rC:        It protects you from cold.
   SInv:      It lets you see invisible.
   Will:      It increases your willpower.
Scrolls
 k - 2 scrolls of identify {unknown}
 l - 2 scrolls of magic mapping {unknown}
 p - a scroll of enchant weapon {unknown}
 r - 2 scrolls of blinking {unknown}
 s - a scroll of teleportation {unknown}
 t - a scroll of acquirement {unknown}
 w - a scroll of poison {unknown}
 y - a scroll of noise {unknown}
 K - a scroll of amnesia {unknown}
Potions
 d - 2 potions of might
 e - a potion of ambrosia {unknown}
 f - 6 potions of degeneration {unknown}
 g - a potion of brilliance {unknown}
 u - a potion of flight {unknown}
 z - 2 potions of haste {unknown}
 F - a potion of attraction {unknown}
 J - 2 potions of berserk rage
 L - a potion of curing {unknown}


   Skills:
 + Level 5.4 Fighting
 + Level 4.5(5.7) Axes
 + Level 5.3(6.1) Maces & Flails
 + Level 6.1 Armour
 + Level 2.0 Dodging
 + Level 0.3 Stealth
 + Level 5.2 Shields


You had 6 spell levels left.
You didn't know any spells.
Your spell library contained the following spells:

 Spells                   Type           Power      Damage    Failure   Level
 Blink                    Tloc           0%         N/A       100%        2
 Manifold Assault         Tloc           0%         N/A       100%        5
 Storm Form               Tmut/Air       0%         N/A       100%        7


Dungeon Overview and Level Annotations

Branches:
Dungeon (5/15)
 Temple: D:4-7

Altars:

Shops:
D:3 [


Innate Abilities, Weirdness & Mutations

You have a pair of horns on your head.
You reflexively headbutt those who attack you in melee.
You have sharp toenails.
Your mind is acute. (Int +4, Str/Dex -1)


Message History

The gnoll hits you from afar with a +0 spear.
* * * LOW HITPOINT WARNING * * *
The gnoll bouda hits you but does no damage.
You closely miss the gnoll bouda. Your headbutt misses the gnoll bouda.
The gnoll bouda is severely wounded.
The gnoll hits you but does no damage. The gnoll bouda misses you.
The gnoll hits you from afar with a +0 spear.
* * * LOW HITPOINT WARNING * * *
You block the gnoll bouda's attack.
You completely miss the gnoll bouda.
The gnoll bouda is severely wounded.
The gnoll hits you but does no damage.
The gnoll bouda hits you but does no damage.
The gnoll barely misses you.
You closely miss the gnoll bouda.
The gnoll bouda is severely wounded.
The gnoll is no longer moving quickly.
The gnoll bouda calls upon its god to heal the gnoll.
The gnoll is healed somewhat.
The gnoll hits you from afar with a +0 spear.
* * * LOW HITPOINT WARNING * * *
The gnoll bouda barks out a call to the hunt!
The gnoll picks up the pace!
The gnoll hits you but does no damage.
It was a potion of berserk rage.
You're still recovering from your berserk rage.
The gnoll is no longer moving quickly.
The gnoll bouda barely misses you.
The gnoll hits you from afar with a +0 spear.
* * * LOW HITPOINT WARNING * * *
The gnoll bouda hits you but does no damage.
It was a potion of mutation.
You feel extremely strange.
You feel clever.
Your toenails lengthen and sharpen.
You block the gnoll's attack.
The gnoll bouda hits you with a +0 club.
* * * LOW HITPOINT WARNING * * *
The gnoll closely misses you.
It was a potion of magic.
Magic courses through your body.
The gnoll bouda hits you but does no damage.
The gnoll hits you from afar with a +0 spear.
You die...

..........# ..........# #
..........#.#
...)......#.#..
..........'...#
..........#....
......gg.........#
#######g########.#
###...#@#...####.#
#....##.##....##.#
##..).##.##....##.#
#....'#...#))...#.#
######.....######.#######
..........................
.###...........###...#####
#.##.........##.#...# #
#..##.......##..#...# #


You could see a gnoll bouda and 2 gnolls.

Vanquished Creatures
  2 ice beasts (D:5)
  2 centaurs (D:5)
  3 hounds
  2 jellies
  3 iguanas
  Jessica (D:3)
  Natasha (D:3)
  Robin (D:3)
  9 gnolls
  2 adders
  A dart slug (D:1)
  4 orcs
  11 bats
  4 endoplasms
  4 giant cockroaches
  14 goblins
  12 hobgoblins
  7 jackals (D:3)
  7 kobolds
  3 quokkas
  6 ball pythons
  4 frilled lizards
  8 rats
111 creatures vanquished.

Notes
Turn   | Place    | Note
-------+----------+-------------------------------------------
     0 | D:1      | pootfish the Minotaur Fighter began the quest for the Orb.
     0 | D:1      | Reached XP level 1. HP: 19/19 MP: 0/0
   148 | D:1      | Found a faded altar of an unknown god.
   156 | D:1      | Reached XP level 2. HP: 27/27 MP: 1/1
   164 | D:1      | Reached skill level 4 in Armour
   401 | D:1      | Reached XP level 3. HP: 27/33 MP: 2/2
   648 | D:2      | Identified the +5 mace of Poverty {vorpal, *Rage Dex+5}
  1154 | D:2      | Reached XP level 4. HP: 31/40 MP: 3/3
  1326 | D:3      | Noticed Jessica
  1333 | D:3      | Killed Jessica
  1346 | D:3      | Reached XP level 5. HP: 35/47 MP: 4/4
  1537 | D:3      | Reached skill level 1 in Dodging
  1595 | D:3      | Found Dessu's Antique Armour Emporium.
  1612 | D:3      | Bought a pair of gloves for 117 gold pieces
  1686 | D:3      | Noticed Robin
  1698 | D:3      | Killed Robin
  1699 | D:3      | Reached skill level 1 in Maces & Flails
  1857 | D:3      | Noticed Natasha
  1861 | D:3      | Killed Natasha
  1890 | D:4      | Reached XP level 6. HP: 55/55 MP: 5/5
  1972 | D:4      | Reached skill level 5 in Armour
  2461 | D:4      | Identified the ring of Etoufaif {rC+ Will+ Slay+4 SInv}
  2601 | D:5      | Entered Level 5 of the Dungeon
  2703 | D:5      | Noticed an ice beast
  2706 | D:5      | Reached skill level 5 in Shields
  2707 | D:5      | Killed an ice beast
  2708 | D:5      | Reached skill level 5 in Fighting
  2708 | D:5      | Reached XP level 7. HP: 57/61 MP: 6/6
  2765 | D:5      | Reached skill level 5 in Maces & Flails
  2765 | D:5      | Reached skill level 6 in Armour
  2790 | D:5      | Gained mutation: Your mind is acute. (Int +4, Str/Dex -1)
                  | [potion of mutation]
  2790 | D:5      | Gained mutation: You have sharp toenails. [potion of
                  | mutation]
  2790 | D:5      | HP: 3/61 [gnoll bouda/+0 club (2)]
  2791 | D:5      | Slain by a gnoll

Illustrated notes

Levels and vault maps discovered:
D:1:      psy_arrival_whirlpool, layout_basic,
          shapermc_ecumenical_altar_mp_highgroup
D:2:      layout_basic, st_stairs_9
D:3:      layout_loops_ring, serial_shops, nicolae_shop_stone, uniq_jessica,
          uniq_robin, uniq_natasha
D:4:      layout_loops_ring, kennysheep_generic_room_15
D:5:      layout_basic, corexii_item_surrounded_by_moat, reono_crystal_passage,
          minmay_pentangle, uniq_sigmund

Skill      XL: |  1  2  3  4  5  6  7 |
---------------+----------------------+-----
Fighting       | 4 5 |  5.4
Armour         | 4 5 6 |  6.1
Shields        | 4 5 |  5.2
Axes           | 3 4 |  4.5
Dodging        | 1 2 |  2.0
Maces & Flails | 1 4 5 |  5.3
Stealth        | |  0.3

Action                   |  1- 3 |  4- 6 |  7- 9 || total
-------------------------+-------+-------+-------++-------
Melee: War axe           |    85 |    36 |       ||   121
       Headbutt          |    11 |    15 |     1 ||    27
       Mace              |       |    77 |    26 ||   103
  Use: Potion            |       |       |     3 ||     3
Armor: Scale mail        |    34 |       |       ||    34
       Chain mail        |    20 |    55 |    25 ||   100
Dodge: Dodged            |    43 |    38 |    11 ||    92
Block: Buckler           |    18 |    27 |     8 ||    53
